 Dungeon Crawl Stone Soup version 0.29-a0-323-g050149af67 (webtiles) character file.

Game seed: 4863706274560560559

154 greenreed the Sneak (level 5, -3/37 HPs)
             Began as a Gnoll Enchanter on Apr 10, 2022.
             Slain by a black bear (5 damage)
             ... on level 4 of the Dungeon.
             The game lasted 00:09:10 (2883 turns).

greenreed the Sneak (Gnoll Enchanter)               Turns: 2883, Time: 00:09:11

Health: -3/37      AC:  4    Str:  7    XL:     5   Next: 35%
Magic:  4/12       EV: 13    Int: 16    God:
Gold:   153        SH:  0    Dex: 13    Spells: 5/14 levels left

rFire   . . .      SeeInvis .   a - +1 dagger
rCold   . . .      Faith    .   (no shield)
rNeg    . . .      Spirit   .   b - +0 robe
rPois   .          Reflect  .   (no helmet)
rElec   .          Harm     .   l - +0 cloak
rCorr   .          Rampage  .   (no gloves)
Will    .....                   n - +0 pair of boots
Stlth   +++.......              (no amulet)
HPRegen 0.12/turn               (no ring)
MPRegen 0.13/turn               (no ring)

@: no status effects
A: fangs 1, strong nose, distributed training
a: no special abilities


You were on level 4 of the Dungeon.
You visited 1 branch of the dungeon, and saw 4 of its levels.

You collected 153 gold pieces.

Inventory:

Hand Weapons
 a - a +1 dagger (weapon)
Missiles
 t - 2 poisoned darts (quivered)
Armour
 b - a +0 robe (worn)
 l - a +0 cloak (worn)
 n - a +0 pair of boots (worn)
Scrolls
 e - a scroll of amnesia {unknown}
 g - 2 scrolls of blinking {unknown}
 h - 2 scrolls of identify {unknown}
 k - a scroll of teleportation {unknown}
 m - a scroll of fog {unknown}
 q - a scroll of magic mapping {unknown}
 r - a scroll of vulnerability {unknown}
 s - a scroll of enchant armour {unknown}
 v - a scroll of silence {unknown}
Potions
 c - a potion of invisibility
 d - 2 potions of heal wounds {unknown}
 f - 2 potions of brilliance {unknown}
 i - a potion of ambrosia {unknown}
 j - 2 potions of attraction {unknown}
 o - 2 potions of might {unknown}
 p - a potion of haste {unknown}
 u - a potion of magic {unknown}


   Skills:
 + Level 1.4 Fighting
 + Level 3.0 Short Blades
 + Level 1.4 Long Blades
 + Level 1.4 Axes
 + Level 1.4 Maces & Flails
 + Level 1.4 Polearms
 + Level 1.4 Staves
 + Level 1.4 Slings
 + Level 1.4 Bows
 + Level 1.4 Crossbows
 + Level 1.4 Throwing
 + Level 1.4 Armour
 + Level 4.8 Dodging
 + Level 6.1 Stealth
 + Level 1.4 Shields
 + Level 1.4 Unarmed Combat
 + Level 5.2 Spellcasting
 + Level 1.1 Conjurations
 + Level 5.5 Hexes
 + Level 1.1 Summonings
 + Level 1.1 Necromancy
 + Level 1.1 Translocations
 + Level 1.1 Transmutations
 + Level 1.1 Fire Magic
 + Level 1.1 Ice Magic
 + Level 1.1 Air Magic
 + Level 1.1 Earth Magic
 + Level 1.1 Poison Magic
 + Level 1.6 Invocations
 + Level 1.4 Evocations


You had 5 spell levels left.
You knew the following spells:

 Your Spells              Type           Power      Damage    Failure   Level
a - Ensorcelled Hibernat  Hex/Ice        28%        N/A       5%          2
b - Magic Dart            Conj           28%        1d4       10%         1
c - Confusing Touch       Hex            21%        N/A       4%          3
d - Tukima's Dance        Hex            21%        N/A       4%          3

Your spell library contained the following spells:

 Spells                   Type           Power      Damage    Failure   Level
 Dazzling Flash           Conj/Hex       28%        N/A       11%         3
 Searing Ray              Conj           14%        2d5       14%         2
 Fulminant Prism          Conj/Hex       7%         3d7       36%         4
 Summon Lightning Spire   Summ/Air       7%         N/A       67%         4
 Storm Form               Tmut/Air       3%         N/A       100%        7
 Maxwell's Capacitive Co  Air            3%         ∞         100%        8


Dungeon Overview and Level Annotations

Branches:
Dungeon (4/15)
 Temple: D:4-7

Altars:


Innate Abilities, Weirdness & Mutations

You have very sharp teeth.
Your uncanny sense of smell can sniff out nearby items.
Your experience applies equally to all skills.


Message History

The black bear claws you but does no damage.
The black bear claws you.
Found a stone staircase leading up.
Casting: Ensorcelled Hibernation (safe; 5% risk of failure)
Confirm with . or Enter, or press ? or * to list all spells.
Aiming: Ensorcelled Hibernation (safe; 5% risk of failure)
Press: ? - help, Shift-Dir - straight line, f/p - black bear
Aim: a black bear (not susceptible)
The black bear is unaffected.
The iguana closely misses you. The black bear bites you.
The black bear closely misses you. The black bear barely misses you.
Casting: Ensorcelled Hibernation (safe; 5% risk of failure)
Confirm with . or Enter, or press ? or * to list all spells.
Aiming: Ensorcelled Hibernation (safe; 5% risk of failure)
Press: ? - help, Shift-Dir - straight line, f/p - black bear
Aim: a black bear (not susceptible)
The black bear is unaffected.
The black bear barely misses you. The black bear claws you.
The black bear closely misses you. The iguana misses you.
Casting: Ensorcelled Hibernation (safe; 5% risk of failure)
Confirm with . or Enter, or press ? or * to list all spells.
Aiming: Ensorcelled Hibernation (safe; 5% risk of failure)
Press: ? - help, Shift-Dir - straight line, f/p - black bear
Aim: a black bear (not susceptible)
Okay, then.
The iguana barely misses you.
The black bear attacks as you move away!
The black bear completely misses you.
The black bear claws you but does no damage.
The black bear barely misses you.
Casting: Ensorcelled Hibernation (safe; 5% risk of failure)
Confirm with . or Enter, or press ? or * to list all spells.
Your hands begin to glow red.
The iguana bites you!
* * * LOW HITPOINT WARNING * * *
The black bear bites you.
* * * LOW HITPOINT WARNING * * *
The black bear closely misses you. The black bear barely misses you.
You hit the black bear but do no damage.
The black bear appears confused.
The iguana barely misses you. The black bear bites you.
You die...

..........<....#...#.##
......#...##...#.......
..........###..<.......
...####...# ###......>.
###..#.####.........
#...##.##.##...#....
###..#.........## .## ∆
#.........)....# #
#...@..........#
##.hl..........#
#..............#
##................
##.###.................
.........##..##........
.#.......###.#####.....
#......?..#...
#..........[...


You could see a black bear (confused) and an iguana.

Vanquished Creatures
  An ogre (D:4)
  An adder (D:2)
  A worm (D:3)
  3 dart slugs
  2 orcs (D:3)
  5 ball pythons
  An endoplasm (D:2)
  A giant cockroach (D:3)
  7 goblins
  8 hobgoblins
  5 kobolds
  2 quokkas (D:2)
  3 bats
  2 frilled lizards
  3 rats
45 creatures vanquished.

Notes
Turn   | Place    | Note
-------+----------+-------------------------------------------
     0 | D:1      | greenreed the Gnoll Enchanter began the quest for the Orb.
     0 | D:1      | Reached XP level 1. HP: 13/13 MP: 6/6
   225 | D:1      | Reached XP level 2. HP: 19/19 MP: 7/7
   545 | D:1      | Learned a level 2 spell: Ensorcelled Hibernation
   573 | D:1      | Learned a level 1 spell: Magic Dart
  1479 | D:2      | Reached XP level 3. HP: 25/25 MP: 6/9
  1532 | D:2      | Reached skill level 5 in Spellcasting
  1740 | D:2      | Reached skill level 6 in Stealth
  1830 | D:2      | Reached skill level 1 in Invocations
  2325 | D:3      | Reached skill level 1 in Fighting
  2325 | D:3      | Reached skill level 1 in Long Blades
  2325 | D:3      | Reached skill level 1 in Axes
  2325 | D:3      | Reached skill level 1 in Maces & Flails
  2325 | D:3      | Reached skill level 1 in Polearms
  2325 | D:3      | Reached skill level 1 in Staves
  2325 | D:3      | Reached skill level 1 in Slings
  2325 | D:3      | Reached skill level 1 in Bows
  2325 | D:3      | Reached skill level 1 in Crossbows
  2325 | D:3      | Reached skill level 1 in Throwing
  2325 | D:3      | Reached skill level 1 in Armour
  2325 | D:3      | Reached skill level 1 in Shields
  2325 | D:3      | Reached skill level 1 in Unarmed Combat
  2325 | D:3      | Reached skill level 1 in Evocations
  2382 | D:3      | Reached XP level 4. HP: 32/32 MP: 11/11
  2396 | D:3      | Learned a level 3 spell: Confusing Touch
  2400 | D:3      | Learned a level 3 spell: Tukima's Dance
  2848 | D:4      | Noticed an ogre
  2855 | D:4      | Killed an ogre
  2856 | D:4      | Reached skill level 1 in Conjurations
  2856 | D:4      | Reached skill level 1 in Summonings
  2856 | D:4      | Reached skill level 1 in Necromancy
  2856 | D:4      | Reached skill level 1 in Translocations
  2856 | D:4      | Reached skill level 1 in Transmutations
  2856 | D:4      | Reached skill level 1 in Fire Magic
  2856 | D:4      | Reached skill level 1 in Ice Magic
  2856 | D:4      | Reached skill level 1 in Air Magic
  2856 | D:4      | Reached skill level 1 in Earth Magic
  2856 | D:4      | Reached skill level 1 in Poison Magic
  2856 | D:4      | Reached XP level 5. HP: 37/37 MP: 12/12
  2867 | D:4      | Noticed a black bear
  2883 | D:4      | Slain by a black bear

Illustrated notes

Levels and vault maps discovered:
D:1:      lightli_arrival_boilingwater, layout_basic
D:2:      layout_loops_ring, minmay_tree_intersection, st_stairs_1
D:3:      layout_basic
D:4:      layout_cave_pools, mainiacjoe_overflow_cross_hatched, uniq_natasha

Skill      XL: |  1  2  3  4 |
---------------+-------------+-----
Spellcasting   | 5 |  5.2
Stealth        | 6 |  6.1
Invocations    | 1 |  1.6
Fighting       | 1 |  1.4
Long Blades    | 1 |  1.4
Axes           | 1 |  1.4
Maces & Flails | 1 |  1.4
Polearms       | 1 |  1.4
Staves         | 1 |  1.4
Slings         | 1 |  1.4
Bows           | 1 |  1.4
Crossbows      | 1 |  1.4
Throwing       | 1 |  1.4
Armour         | 1 |  1.4
Shields        | 1 |  1.4
Unarmed Combat | 1 |  1.4
Evocations     | 1 |  1.4
Short Blades   | 3 |  3.0
Conjurations   | 1 |  1.1
Summonings     | 1 |  1.1
Necromancy     | 1 |  1.1
Translocations | 1 |  1.1
Transmutations | 1 |  1.1
Fire Magic     | 1 |  1.1
Ice Magic      | 1 |  1.1
Air Magic      | 1 |  1.1
Earth Magic    | 1 |  1.1
Poison Magic   | 1 |  1.1
Dodging        | |  4.8
Hexes          | |  5.5

Action                   |  1- 3 |  4- 6 || total
-------------------------+-------+-------++-------
Melee: Dagger            |    57 |    16 ||    73
       Bite              |     2 |     1 ||     3
 Cast: Ensorcelled Hiber |    23 |     7 ||    30
       Magic Dart        |     9 |       ||     9
       Confusing Touch   |       |     1 ||     1
  Use: Potion            |     1 |       ||     1
 Stab: Sleeping          |    29 |     5 ||    34
Armor: Robe              |     5 |     7 ||    12
Dodge: Dodged            |    29 |    21 ||    50

Table legend: (Time is in decaauts)
 A = Elapsed time spent in this place.
 B = Non-inter-level travel time spent in this place.
 C = Inter-level travel time spent in this place.
 D = Time resting spent in this place.
 E = Time spent auto-exploring this place.
 F = Levels seen in this place.
 G = Mean time per level.
                   A        B        C        D        E       F      G
               +--------+--------+--------+--------+--------+-----+--------+
         Total |   2875 |   2744 |    131 |    240 |   2008 |   4 |  718.8 |
       Dungeon |   2875 |   2744 |    131 |    240 |   2008 |   4 |  718.8 |
               +--------+--------+--------+--------+--------+-----+--------+

Top non-repeatable levels by time:
     D:1: 1287 daAuts
     D:2: 952 daAuts
     D:3: 584 daAuts
     D:4: 50 daAuts
